[Event "Early-Titled-Tuesday-Blitz-February-06-2024"]
[Site "Chess.com"]
[Date "2024.02.06"]
[Round "9"]
[White "Barmen_EV"]
[Black "falzehope0"]
[Result "1-0"]
[WhiteElo "2495"]
[BlackElo "2351"]
[TimeControl "180+1"]
[EndTime "9:44:59 PST"]
[Termination "Barmen_EV won by checkmate"]

1. e4 d5 2. exd5 Nf6 3. Bb5+ Nbd7 4. c4 g6 5. Nf3 Bg7 6. O-O O-O 7. Ba4 a5 8. Bc2 Nb6 9. d3 e6 10. dxe6 Bxe6 11.
Nc3 Qd7 12. Re1 Rad8 13. Ne5 Qc8 14. Bg5 h6 15. Bxf6 Bxf6 16. Qf3 Bg7 17. Rad1 Rfe8 18. Qg3 Nd7 19. Nxd7 Qxd7 20. d4 Bxc4 21. d5 Ba6 22. Ne4 Be5 23. Qh4 Kg7 24. Re3 Bxb2 25. Nc5 Qd6 26.
Ne6+ fxe6 27. Rg3 g5 28. Qe4 exd5 29. Qh7+ Kf8 30. Rf3+ Bf6 31. Bg6 Qe6 32. h4 Be2 33. Re1 Rd7 34. Qh8+ Ke7 35. Qxe8+ Kd6 36. Qxe6+ Kxe6 37. Rxe2+ Kd6 38. Rxf6+ Kc5 39. Rc2+ Kb4 40. Be8 Rd8 41.
Bf7 c5 42. Rf3 a4 43. Rf5 c4 44. Rxd5 Rf8 45. Rd7 b5 46. Rb7 Rd8 47. Rxc4+ Ka3 48.
Rc3+ Kb2 49. Re3 gxh4 50. Rxb5+ Ka1 51. Re1+ Rd1 52. Rxd1# 1-0

[Event "Early-Titled-Tuesday-Blitz-February-06-2024"]
[Site "Chess.com"]
[Date "2024.02.06"]
[Round "9"]
[White "lynette2015"]
[Black "lluiss"]
[Result "0-1"]
[WhiteElo "2177"]
[BlackElo "2147"]
[TimeControl "180+1"]
[EndTime "9:44:59 PST"]
[Termination "lluiss won by checkmate"]

1. Nf3 d5 2. g3 c6 3. Bg2 Nf6 4.
b3 h6 5. Bb2 Bf5 6. d3 e6 7. O-O Be7 8. c4 O-O 9. Nbd2 Bg4 10. a3 Nbd7 11. h3 Bxf3 12. Nxf3 a5 13. Qc2 Ne8 14. e4 Bf6 15. exd5 Bxb2 16. Qxb2 exd5 17.
d4 Nd6 18. Qc2 Nf6 19. Ne5 Nde4 20. Rad1 Qd6 21. c5 Qc7 22. Kh2 Ng5 23. h4 Ne6 24. Qf5 Rae8 25. Rfe1 Re7 26. b4 axb4 27. axb4 Rfe8 28. f4 Nh7 29. Bf1 Nef8 30. Bd3 f6 31.
Nf3 Rxe1 32. Rxe1 Rxe1 33. Nxe1 Qe7 34. Ng2 g6 35. Qc8 Kg7 36. h5 gxh5 37. Nh4 Qe1 38. Nf5+ Kh8 39. Nxh6 Qf2+ 40. Kh3 Qf3 41. Bxh7 Qh1# 0-1

[Event "Early-Titled-Tuesday-Blitz-February-06-2024"]
[Site "Chess.com"]
[Date "2024.02.06"]
[Round "9"]
[White "AlexTruskavetsky"]
[Black "TigrVShlyape"]
[Result "1-0"]
[WhiteElo "2743"]
[BlackElo "2942"]
[TimeControl "180+1"]
[EndTime "9:45:00 PST"]
[Termination "AlexTruskavetsky won on time"]

1. e4 e5 2. Nc3 Nc6 3. Bc4 Nf6 4.
d3 Na5 5. Bb3 Nxb3 6. axb3 d6 7.
Nge2 Be7 8. O-O O-O 9. h3 d5 10.
exd5 Nxd5 11. Nxd5 Qxd5 12. Nc3 Qd8 13. f4 exf4 14.
Bxf4 c6 15. Qf3 Bf5 16. Rae1 Bg6 17. g3 Re8 18. h4 h5 19. Kg2 Qd7 20. Ne4 Bf8 21.
Re2 Re6 22. Rfe1 Rae8 23. Nc3 Rxe2+ 24. Rxe2 f6 25. Rxe8 Qxe8 26. Be3 b6 27. Kh2 Qe6 28.
Ne2 Be8 29. Nd4 Qd7 30. Nf5 c5 31. Bf2 Qe6 32. Ne3 Bd6 33. Nc4 Bc7 34. Ne3 Be5 35. Nc4 Bd4 36. Bxd4 cxd4 37. Qf2 Bc6 38. Nd2 Qd5 39.
Qg1 f5 40. Qf1 g6 41. Kh3 Kg7 42. Kh2 a5 43. Nc4 b5 44. Nxa5 Ba8 45. b4 Qd6 46. Nb3 Qd5 47. Qg1 Kh7 48. Nxd4 g5 49. hxg5 h4 50.
Ne2 1-0

[Event "Early-Titled-Tuesday-Blitz-February-06-2024"]
[Site "Chess.com"]
[Date "2024.02.06"]
[Round "9"]
[White "Aradhya2000"]
[Black "LangesNasenhaar"]
[Result "1-0"]
[WhiteElo "2703"]
[BlackElo "2517"]
[TimeControl "180+1"]
[EndTime "9:45:00 PST"]
[Termination "Aradhya2000 won on time"]

1. d4 g6 2. c4 Bg7 3. Nf3 d6 4. Nc3 c5 5. e4 Nc6 6. d5 Nd4 7. Be3 Bg4 8. Be2 Bxf3 9. Bxf3 Nxf3+ 10. Qxf3 Nf6 11. O-O O-O 12. e5 Nd7 13. exd6 exd6 14. Rac1 Ne5 15. Qe2 f5 16. Bf4 Re8 17. b3 a6 18. Qd2 Qa5 19. Bh6 Bh8 20. h4 b5 21.
cxb5 axb5 22. h5 Nf7 23. hxg6 hxg6 24. Bf4 b4 25. Na4 Qd8 26. Rfe1 Be5 27. Bxe5 Nxe5 28. Qe3 Kf7 29. Qg3 Qf6 30. Rcd1 f4 31. Qh3 Rh8 32.
Qe6+ Qxe6 33. dxe6+ Kxe6 34. Re4 g5 35. Nxc5+ dxc5 36. Rde1 Rxa2 37. Rxe5+ Kf6 38. Rxc5 Rd8 39. Rc4 Rd3 40.
Rxb4 Rb2 41. Rb6+ Kf5 42. Rb5+ Kf6 43. Rb6+ Kf5 44. b4 Rdb3 45. Re8 Rxb4 46. Rf8+ Kg4 47. Rh6 1-0

[Event "Early-Titled-Tuesday-Blitz-February-06-2024"]
[Site "Chess.com"]
[Date "2024.02.06"]
[Round "9"]
[White "Akylbek2021"]
[Black "Raud100"]
[Result "0-1"]
[WhiteElo "2294"]
[BlackElo "2433"]
[TimeControl "180+1"]
[EndTime "9:45:02 PST"]
[Termination "Raud100 won by resignation"]

1. Nf3 d5 2. g3 c6 3. Bg2 Nf6 4.
d4 Bg4 5. O-O e5 6. Nxe5 Bh5 7.
c4 dxc4 8. Nxc4 Be7 9. Nc3 O-O 10. a4 Nbd7 11. Bf4 Nb6 12. Nxb6 axb6 13. Qb3 Re8 14. Rad1 Bf8 15. Be5 Nd7 16. Rfe1 Nxe5 17. dxe5 Qc7 18. Ne4 Rxe5 19. h3 Rae8 20. g4 Bg6 21. Ng3 Bc5 22.
e3 Kh8 23. Rd2 f6 24. Red1 Bf7 25. Qc2 Rxe3 26. Rd7 Qxg3 27. fxg3 Rc3+ 28. Qf2 Bxf2+ 29. Kxf2 Rc2+ 30. Kg1 Ba2 31. b4 c5 32. bxc5 bxc5 33.
Rxb7 h6 34. Bf1 Bg8 35. Rdd7 Re1 36. Rxg7 Rcc1 37. a5 Rxf1+ 38. Kg2 Ra1 39. Rgd7 Rfd1 40. Rxd1 Rxd1 41. a6 Ra1 42. Rb8 Rxa6 43. Rc8 c4 44. Kf2 Kg7 45. Ke3 Bf7 46. Kd4 Ra3 47. h4 Rxg3 0-1

[Event "Early-Titled-Tuesday-Blitz-February-06-2024"]
[Site "Chess.com"]
[Date "2024.02.06"]
[Round "9"]
[White "tptagain"]
[Black "Szparu"]
[Result "1-0"]
[WhiteElo "2951"]
[BlackElo "2828"]
[TimeControl "180+1"]
[EndTime "9:45:03 PST"]
[Termination "tptagain won by resignation"]

1. Nf3 d5 2. c4 c6 3. e3 Nf6 4. Nc3 e6 5. b3 Bd6 6. Bb2 O-O 7. d4 Nbd7 8. Bd3 b6 9. O-O Bb7 10. Qc2 h6 11. Rfd1 Qe7 12. e4 dxe4 13. Bxe4 Rac8 14. Bd3 c5 15. d5 e5 16. Nh4 Rfe8 17. Nf5 Qf8 18.
Nxd6 Qxd6 19. Bf5 a6 20. Re1 Rcd8 21. Re3 Nf8 22. Rae1 Bc8 23. Na4 Bxf5 24. Qxf5 b5 25. Nc3 Ng6 26. g3 bxc4 27. bxc4 Qb6 28. Qc2 Qb4 29. a3 Qxc4 30. Re4 Nxe4 31. Rxe4 Qd4 32. Rxd4 exd4 33. Na4 Rxd5 34. Qc4 Red8 35. Bc1 Ne5 36. Qxa6 d3 37. Kg2 d2 38. Bxd2 Rxd2 39. Nxc5 Nd3 40. Ne4 Re2 41. Qc4 Ne1+ 42. Kf1 Rxe4 43. Qxe4 Nd3 44. a4 Nc5 45. Qc6 Nb3 46. Qb6 Rd3 47. a5 Rd2 48. Qxb3 1-0

[Event "Early-Titled-Tuesday-Blitz-February-06-2024"]
[Site "Chess.com"]
[Date "2024.02.06"]
[Round "9"]
[White "snowlord"]
[Black "Denis_Makhnyov"]
[Result "0-1"]
[WhiteElo "2857"]
[BlackElo "3019"]
[TimeControl "180+1"]
[EndTime "9:45:04 PST"]
[Termination "Denis_Makhnyov won on time"]

1. Nf3 d5 2. g3 c5 3. Bg2 Nc6 4. d4 Nf6 5. O-O cxd4 6. Nxd4 e5 7. Nxc6 bxc6 8. c4 Be6 9. Bg5 Rc8 10. Qa4 Qd7 11. Nc3 d4 12. Rad1 Be7 13. e3 c5 14. Nb5 O-O 15. b3 Ng4 16. Bxe7 Qxe7 17. exd4 cxd4 18. h3 Nh6 19. Qxa7 Qf6 20. Nd6 Rcd8 21.
Qc5 Bxh3 22. Bxh3 Rxd6 23. Rfe1 Re8 24. Qb5 Qe7 25. c5 Rd5 26. b4 e4 27. Rxe4 Qxe4 28. Bg2 Rxc5 29. bxc5 Qe5 30. Rxd4 Qe1+ 31. Bf1 Nf5 32.
Rd1 Qe5 33. Qd7 g6 34. c6 Re7 35. Qd8+ Kg7 36. a4 h5 37. Qd5 Qf6 38. a5 h4 39.
g4 Re5 40. Qc4 Ne7 41. c7 Rxa5 42. c8=Q Nxc8 43. Qxc8 Ra2 44. Qc5 Ra4 45. f3 Qxf3 0-1

[Event "Early-Titled-Tuesday-Blitz-February-06-2024"]
[Site "Chess.com"]
[Date "2024.02.06"]
[Round "9"]
[White "viktorskliarov"]
[Black "Manukyan_Artak"]
[Result "1-0"]
[WhiteElo "2625"]
[BlackElo "2477"]
[TimeControl "180+1"]
[EndTime "9:45:04 PST"]
[Termination "viktorskliarov won by resignation"]

1. e4 c6 2. d4 d5 3. e5 Bf5 4.
Nf3 e6 5. Be2 c5 6. Be3 Qb6 7.
Nc3 Qxb2 8. Qb1 Qxb1+ 9. Rxb1 Bxc2 10. Rxb7 c4 11. Kd2 Bg6 12. Bd1 Be7 13. Ba4+ Kf8 14.
Ne1 Nh6 15. Nc2 Ng4 16. Rhb1 Na6 17. Bb5 Bxc2 18. Kxc2 Nb4+ 19. Kd2 f5 20. Bd7 Nxe3 21.
fxe3 Kf7 22. R1xb4 Bxb4 23. Rxb4 Rhb8 24. a3 a5 25. Rxb8 Rxb8 26. Bb5 g5 27. g3 h5 28. a4 h4 29. Ke2 hxg3 30. hxg3 Rh8 31.
Bc6 Rh2+ 32. Kf1 Rc2 33. Ne2 c3 34. Ke1 Kg6 35. Be8+ Kh6 36. Bf7 Rb2 37. Nxc3 Rb6 38. Be8 Kg7 39. Bb5 Kf8 40. Nd1 Ke7 41. Nb2 Rb8 42.
Nd3 Rh8 43. Kf2 Rh2+ 44. Kf1 g4 45. Nc5 Rc2 46. Nb7 Rc3 47. Ke2 Rc2+ 48. Kf1 Rc3 49.
Kf2 Rc2+ 50. Ke1 Rc3 51. Kd2 Ra3 52. Nxa5 Ra2+ 53. Ke1 Rg2 54. Nc6+ Kd7 55. a5 Rxg3 56. Kf2 f4 57. exf4 Rf3+ 58. Kg2 Rxf4 59. a6 Rf8 60. a7 Kc7 61. Nb8 Rxb8 62. axb8=Q+ Kxb8 63. Bd7 1-0

[Event "Early-Titled-Tuesday-Blitz-February-06-2024"]
[Site "Chess.com"]
[Date "2024.02.06"]
[Round "9"]
[White "AniJak"]
[Black "AnaKuchava"]
[Result "0-1"]
[WhiteElo "2358"]
[BlackElo "2213"]
[TimeControl "180+1"]
[EndTime "9:45:04 PST"]
[Termination "AnaKuchava won on time"]

1. e4 c5 2. Nc3 Nc6 3. g3 e6 4.
Bg2 g6 5. d3 Bg7 6. Be3 d6 7. Qd2 Nd4 8. Nd1 Rb8 9. c3 Nc6 10.
Ne2 Bd7 11. O-O Qc7 12. d4 cxd4 13. cxd4 Nge7 14. Rc1 Qa5 15. Qxa5 Nxa5 16. d5 exd5 17. exd5 Bb5 18. Re1 Nc4 19. Bd4 Bxd4 20. Nxd4 Kd7 21. Nxb5 Rhc8 22. b3 Ne5 23. Rxc8 Rxc8 24. Ne3 a6 25. Nd4 Rc3 26. f4 Nd3 27. Re2 Nc1 28. Rc2 Nxa2 29. Rxc3 Nxc3 30. f5 b5 31. f6 Ng8 32. Bh3+ Kc7 33. Ng4 Nxd5 34. Bg2 Ngxf6 35. Nxf6 Nxf6 36. Ne2 a5 37. Kf2 a4 38. bxa4 bxa4 39.
Ke3 a3 40. Nc3 d5 41. Na2 Kd6 42. Kd4 Ng4 43. h3 Ne5 44. Bxd5 f5 45. Bg8 h6 46. Ke3 g5 47. Kd4 Ng6 48. Ke3 Ke5 49. Nc3 f4+ 50.
gxf4+ Nxf4 51. Kf3 Nxh3 0-1

[Event "Early-Titled-Tuesday-Blitz-February-06-2024"]
[Site "Chess.com"]
[Date "2024.02.06"]
[Round "9"]
[White "Kazan28"]
[Black "GMRAVEN_ON_YOUTUBE"]
[Result "1-0"]
[WhiteElo "2616"]
[BlackElo "2758"]
[TimeControl "180+1"]
[EndTime "9:45:06 PST"]
[Termination "Kazan28 won by resignation"]

1. d4 f5 2. Nf3 Nf6 3. e3 g6 4. b4 Bg7 5. Bb2 O-O 6. c4 c6 7.
Be2 a5 8. b5 d6 9. a4 cxb5 10.
axb5 b6 11. O-O e6 12. Nc3 Nbd7 13. Na4 Qe7 14. Nd2 Bb7 15. Bf3 Rab8 16. Bxb7 Rxb7 17. Qf3 Rc7 18. Rfc1 Rfc8 19. Ba3 Bf8 20. c5 dxc5 21. dxc5 bxc5 22. Nc4 Rb8 23. b6 Rcc8 24. Nxa5 Nd5 25. Nc4 N5xb6 26. Ncxb6 Nxb6 27. Bxc5 Qc7 28. Nxb6 Rxb6 29. Bxb6 Qxc1+ 30. Qd1 Qxd1+ 31. Rxd1 e5 32. h3 Kf7 33. e4 Ke6 34. exf5+ gxf5 35. g3 Bd6 36.
Kg2 Rc3 37. Re1 Rd3 38. Re2 h5 39. Be3 Kd5 40. Rd2 Ke4 41. Rxd3 Kxd3 42. Ba7 Ke2 43. Bb6 e4 44. Ba7 h4 45. gxh4 f4 46. h5 f3+ 47. Kg1 Bf4 48. Bb6 e3 49. h4 Kd1 50.
fxe3 Bh6 51. Kf2 1-0

[Event "Early-Titled-Tuesday-Blitz-February-06-2024"]
[Site "Chess.com"]
[Date "2024.02.06"]
[Round "9"]
[White "Yan_Dyomin2010"]
[Black "noblerone"]
[Result "1-0"]
[WhiteElo "2591"]
[BlackElo "2452"]
[TimeControl "180+1"]
[EndTime "9:45:06 PST"]
[Termination "Yan_Dyomin2010 won on time"]

1. e4 c5 2. Nf3 e6 3. c3 Nf6 4.
e5 Nd5 5. Bc4 d6 6. d4 dxe5 7.
Nxe5 Nc6 8. Nxc6 bxc6 9. O-O Be7 10. dxc5 Bxc5 11. Nd2 O-O 12. Ne4 Be7 13. Qe2 e5 14. Ng3 Bd6 15. Rd1 Be6 16. Bb3 Qe7 17. Ne4 Bc7 18. Ng5 Rad8 19. Nxe6 Qxe6 20. Be3 Bb6 21.
Bxb6 axb6 22. c4 Nf4 23. Qf3 c5 24. g3 Ng6 25. Rxd8 Rxd8 26. Rd1 Rxd1+ 27. Qxd1 h6 28. Bc2 e4 29. b3 f5 30. Qd8+ Kh7 31. h4 Ne5 32.
Kg2 Nf3 33. Bd1 Nd4 34. Qd5 Qf6 35. a3 g5 36. hxg5 hxg5 37. b4 Ne6 38. bxc5 Nxc5 39. Bc2 Kg7 40. a4 Qe6 41. Qd4+ Qf6 42. Qd5 Qe6 43.
Qd8 Qf6 44. Qc7+ Kf8 45. a5 f4 46. Qxb6 f3+ 47. Kh2 Qh8+ 48. Kg1 Nd7 49. Qd8+ Kg7 50.
Qxd7+ Kf6 51. Bxe4 Qb8 52. Bxf3 Qb1+ 53. Kg2 1-0

[Event "Early-Titled-Tuesday-Blitz-February-06-2024"]
[Site "Chess.com"]
[Date "2024.02.06"]
[Round "9"]
[White "zverr1"]
[Black "ploxoi"]
[Result "1-0"]
[WhiteElo "2567"]
[BlackElo "2448"]
[TimeControl "180+1"]
[EndTime "9:45:06 PST"]
[Termination "zverr1 won by resignation"]

1. e4 c5 2. Nf3 e6 3. b3 d6 4. d4 cxd4 5. Nxd4 Nf6 6. Bd3 a6 7. c4 Be7 8. Bb2 O-O 9. O-O Nbd7 10. Nc3 Qc7 11. Kh1 b6 12. f4 Bb7 13. Qe2 Rfe8 14. Rae1 Nc5 15. Bb1 Rad8 16. Rf3 Bf8 17. Rh3 e5 18.
fxe5 Rxe5 19. Re3 Rde8 20. Nf3 Rh5 21. Nd5 Bxd5 22. exd5 Rxe3 23. Qxe3 Ncd7 24. Qf4 a5 25. g4 Rh3 26. Kg2 Rxf3 27. Qxf3 Ne5 28. Bxe5 dxe5 29. g5 Ne8 30. Qf5 Bd6 31. Qxh7+ Kf8 32. Be4 Qd8 33. Qf5 a4 34. Rf1 Qc7 35. h4 g6 36.
Qxg6 Ng7 37. h5 axb3 38. axb3 Qa7 39. Rxf7+ Qxf7 40. Qxd6+ Qe7 41. Qxe7+ Kxe7 42. h6 Nh5 43. h7 Nf4+ 44. Kf3 Ng6 45. Bxg6 1-0

[Event "Early-Titled-Tuesday-Blitz-February-06-2024"]
[Site "Chess.com"]
[Date "2024.02.06"]
[Round "9"]
[White "HanSchut"]
[Black "Licancabur"]
[Result "0-1"]
[WhiteElo "2258"]
[BlackElo "2405"]
[TimeControl "180+1"]
[EndTime "9:45:07 PST"]
[Termination "Licancabur won on time"]

1. e4 Nf6 2. e5 Nd5 3. d4 d6 4. Nf3 g6 5. Bc4 Nb6 6. Bb3 Bg7 7. Ng5 e6 8. Qf3 Qd7 9. O-O Nc6 10. exd6 Nxd4 11.
Qe4 cxd6 12. Nc3 d5 13. Qe1 O-O 14. Be3 Nxb3 15. axb3 d4 16. Rd1 Qe7 17. Bxd4 Bxd4 18. Rxd4 Qxg5 19. Ne4 Qe5 20. Qd2 Qg7 21. Rd8 f5 22.
Nc5 Qe7 23. Rxf8+ Qxf8 24. b4 Nd5 25. c3 b6 26. Nb3 Bb7 27. Re1 Qf6 28. Nd4 Re8 29. Nb5 Qe7 30. Nxa7 Ba8 31. Nb5 Qd7 32. c4 Nf6 33. Qc3 Qc6 34. f3 Nh5 35. Nd4 Qd7 36.
c5 bxc5 37. bxc5 Bd5 38. c6 Qc7 39. b4 Nf6 40. b5 Kf7 41. Qc5 Rb8 0-1

[Event "Early-Titled-Tuesday-Blitz-February-06-2024"]
[Site "Chess.com"]
[Date "2024.02.06"]
[Round "9"]
[White "vi_pranav"]
[Black "FGHSMN"]
[Result "1-0"]
[WhiteElo "3066"]
[BlackElo "2951"]
[TimeControl "180+1"]
[EndTime "9:45:09 PST"]
[Termination "vi_pranav won by resignation"]

1. e4 c6 2. Nf3 d5 3. Nc3 Bg4 4.
h3 Bh5 5. exd5 cxd5 6. Bb5+ Nc6 7. g4 Bg6 8. Ne5 Rc8 9. d4 f6 10. Nxg6 hxg6 11. Be3 e6 12. a3 Bd6 13. h4 Ne7 14.
Qf3 a6 15. Bd3 b5 16. h5 gxh5 17. gxh5 Kd7 18. a4 b4 19. Ne2 b3 20. c3 Na5 21.
Bxa6 Rb8 22. Nc1 Nc4 23. Bb5+ Rxb5 24. axb5 Qb6 25. Qd1 Qxb5 26. Qxb3 Qc6 27. Ra7+ Bc7 28. Nd3 Ra8 29. Nc5+ Ke8 30. Rxa8+ Qxa8 31. Qa4+ Qxa4 32.
Nxa4 Nf5 33. Bc1 e5 34. dxe5 fxe5 35. h6 gxh6 36. Rh5 Ncd6 37. Bxh6 Kf7 38. Bc1 d4 39. Rh7+ Ng7 40. Bh6 Nf5 41. Bxg7 Nxg7 42. Nc5 Ba5 43. b4 Bb6 44. cxd4 exd4 45. Ne6 Kxe6 46. Rxg7 Kd5 47. Kd2 Kc4 48. Rg6 Bc7 49. Rc6+ 1-0

[Event "Early-Titled-Tuesday-Blitz-February-06-2024"]
[Site "Chess.com"]
[Date "2024.02.06"]
[Round "9"]
[White "JonasEilenberg"]
[Black "GothamChess"]
[Result "0-1"]
[WhiteElo "2528"]
[BlackElo "2699"]
[TimeControl "180+1"]
[EndTime "9:45:09 PST"]
[Termination "GothamChess won by resignation"]

1. e4 d5 2. exd5 Qxd5 3. Nc3 Qa5 4. d4 Nf6 5. Nf3 Bf5 6. Bc4 e6 7. O-O Bb4 8. Ne2 O-O 9. c3 Be7 10. Ng3 Bg6 11. Ne5 c5 12. Nxg6 hxg6 13. dxc5 Qxc5 14. Qe2 Nc6 15. Be3 Qe5 16. Rfd1 Bc5 17. Bxc5 Qxc5 18. Ne4 Nxe4 19. Qxe4 Rfd8 20. h3 b5 21. Be2 Rac8 22.
a4 b4 23. Rxd8+ Rxd8 24. Bf3 Ne5 25. cxb4 Nxf3+ 26. Qxf3 Qxb4 27. Qc3 Rb8 28. Qxb4 Rxb4 29. Rc1 Rxa4 30. Rc8+ Kh7 31. b3 Ra2 32. Ra8 f6 33. b4 g5 34. b5 Ra5 35. g3 Kg6 36. Kg2 Kf5 37. Rg8 Rxb5 38. Rxg7 a5 39. Ra7 e5 40. Kf3 Rb3+ 41. Kg2 Ra3 42. Ra6 e4 43. Rb6 Ra2 44. Kg1 a4 45. Ra6 a3 46. h4 gxh4 47. gxh4 Kg4 48. Rxf6 Kh3 49. Kf1 Ra1+ 50. Ke2 a2 51. Ra6 e3 52. Ra3 Kxh4 53. Rxe3 Rb1 54. Re4+ Kg5 0-1

[Event "Early-Titled-Tuesday-Blitz-February-06-2024"]
[Site "Chess.com"]
[Date "2024.02.06"]
[Round "9"]
[White "ViIIagra"]
[Black "starworld123"]
[Result "1-0"]
[WhiteElo "2965"]
[BlackElo "2831"]
[TimeControl "180+1"]
[EndTime "9:45:11 PST"]
[Termination "ViIIagra won on time"]

1. Nf3 d5 2. d3 Nf6 3. c3 g6 4.
Qc2 c5 5. e4 Nc6 6. Be2 e5 7.
Bg5 Bg7 8. Nbd2 O-O 9. O-O Be6 10.
exd5 Bxd5 11. Ne4 b6 12. Rfe1 Re8 13. Rad1 Re6 14. a3 Qc7 15. c4 Bxe4 16. dxe4 Nd4 17.
Nxd4 exd4 18. Bd3 Rae8 19. f3 Nd7 20. Bh4 Be5 21. g3 Bf6 22. Bxf6 Nxf6 23. Qf2 Qe7 24. Re2 Nd7 25. f4 Nf6 26. Rde1 Ng4 27. Qf3 Ne3 28. h4 Qb7 29. h5 f5 30. Rxe3 dxe3 31. Qxe3 fxe4 32.
Be2 Rd6 33. hxg6 hxg6 34. Kg2 Qg7 35. Rb1 Qd4 36. Kf2 Kg7 37. Rd1 Qxe3+ 38. Kxe3 Rxd1 39. Bxd1 Rd8 40. Bc2 Rd4 41. b3 a5 42. a4 Kf6 43.
g4 g5 44. Bxe4 Rd1 45. fxg5+ Kxg5 46. Bf5 Rg1 47. Ke4 Rg3 48. Kd5 Rxb3 49. Bd7 Rb4 50. Bb5 Kxg4 51. Kc6 Kf4 52. Kxb6 Ke5 53. Kxa5 Kd6 54.
Kb6 Rb1 55. a5 Rh1 56. a6 Rh8 57. a7 Rc8 58. Kb7 1-0

[Event "Early-Titled-Tuesday-Blitz-February-06-2024"]
[Site "Chess.com"]
[Date "2024.02.06"]
[Round "9"]
[White "chess_blitz00"]
[Black "Vazabanga"]
[Result "0-1"]
[WhiteElo "2485"]
[BlackElo "2628"]
[TimeControl "180+1"]
[EndTime "9:45:11 PST"]
[Termination "Vazabanga won on time"]

1. Nf3 c5 2. e3 g6 3. Be2 Bg7 4. O-O Nf6 5. b3 Ne4 6. d4 O-O 7. Bb2 Nc6 8. Nbd2 d5 9. Nxe4 dxe4 10. Nd2 cxd4 11. Nxe4 dxe3 12. Qc1 exf2+ 13. Rxf2 Bxb2 14. Qxb2 Qd4 15. Qxd4 Nxd4 16. Bc4 Bf5 17. Ng5 Nxc2 18.
Rc1 Ne3 19. h3 Nxc4 20. Rxc4 h6 21. Nf3 Rac8 22. Rxc8 Rxc8 23. Nd4 Be4 24. g4 e5 25.
Nb5 Rc1+ 26. Kh2 a6 27. Nd6 Bd5 28. Rd2 Bc6 29. h4 Rh1+ 30. Kg3 Rg1+ 31. Kh3 Re1 32. g5 hxg5 33. hxg5 e4 34. Kg3 e3 35. Rh2 Rg1+ 36. Kf4 b5 37. Kxe3 Rxg5 38. Kd4 Rd5+ 39. Ke3 Rxd6 40. Kf4 Re6 41. Rc2 Kg7 42. Rd2 Rf6+ 43. Ke5 Re6+ 44. Kf4 Kf6 45. Rc2 g5+ 46. Kg4 Kg6 47. Rc5 f5+ 48. Kg3 f4+ 49. Kf2 g4 50. a4 g3+ 51. Kf1 f3 52. axb5 Bxb5+ 53. Kg1 f2+ 0-1

[Event "Early-Titled-Tuesday-Blitz-February-06-2024"]
[Site "Chess.com"]
[Date "2024.02.06"]
[Round "9"]
[White "Levanzovsky"]
[Black "Al_Shima"]
[Result "1-0"]
[WhiteElo "2518"]
[BlackElo "2340"]
[TimeControl "180+1"]
[EndTime "9:45:11 PST"]
[Termination "Levanzovsky won by checkmate"]

1. e4 c5 2. Nf3 e6 3. d4 cxd4 4. Nxd4 a6 5. c4 Nf6 6. Nc3 Qc7 7. a3 Nc6 8. Be3 Be7 9. Rc1 O-O 10. Be2 d6 11. O-O Bd7 12. f3 Rac8 13. Nd5 exd5 14. cxd5 Qb8 15. dxc6 bxc6 16. b4 c5 17. bxc5 dxc5 18.
Nb3 Ba4 19. Bc4 Bd6 20. g3 Rfd8 21. Qc2 Qb7 22. Rb1 Rb8 23. Qc3 Qe7 24. Qa5 Bxb3 25.
Rxb3 Rxb3 26. Bxb3 Rb8 27. Bc4 Nxe4 28. fxe4 Qxe4 29.
Bxf7+ Kh8 30. Qd2 Be5 31. Bd5 Qg6 32. Bf4 Bd4+ 33. Kh1 Rd8 34. Bg2 h6 35. Qe2 Bf6 36. Qe4 Qf7 37. Qf5 c4 38. Be4 Qg8 39. Qg6 c3 40.
Bxh6 Rf8 41. Qh5 g6 42. Bxg6 Qd5+ 43. Kg1 Bd4+ 44. Be3+ Kg8 45. Qh7# 1-0

[Event "Early-Titled-Tuesday-Blitz-February-06-2024"]
[Site "Chess.com"]
[Date "2024.02.06"]
[Round "9"]
[White "zsoltkorpics"]
[Black "Ind1anStar"]
[Result "1/2-1/2"]
[WhiteElo "2486"]
[BlackElo "2598"]
[TimeControl "180+1"]
[EndTime "9:45:12 PST"]
[Termination "Game drawn by repetition"]

1. e4 e6 2. d4 d5 3. Bd3 dxe4 4. Bxe4 Nf6 5. Bf3 c5 6. Ne2 Nc6 7. Be3 e5 8. Bxc6+ bxc6 9. dxe5 Qxd1+ 10. Kxd1 Ng4 11.
Kd2 Nxe5 12. b3 Bf5 13. Nbc3 O-O-O+ 14. Kc1 c4 15. Kb2 Kb7 16. f3 f6 17. Rad1 Be7 18. Ng3 Bg6 19. Nge4 cxb3 20. axb3 h5 21. Bc5 Bxe4 22.
Nxe4 Bxc5 23. Nxc5+ Kb6 24. Ne6 Rxd1 25. Rxd1 g5 26.
f4 gxf4 27. Nxf4 Ng4 28. h3 Ne3 29. Rd3 Nf5 30. Nxh5 Rxh5 31. g4 Rg5 32. gxf5 Rxf5 33. h4 Rh5 34. Rf3 Rxh4 35. Rxf6 Rh2 36. Rf3 c5 37. Rf6+ Kb5 38. Kc3 Rh3+ 39. Kb2 Rh2 40. Rf3 a5 41. Rc3 Rg2 42. Rc4 Rh2 43. Rc3 Rf2 44. Rc4 Rh2 45. Rg4 Rf2 46. Rg8 Rh2 47. Rb8+ Kc6 48. Kc3 Rg2 49. Ra8 Kb5 50. Rb8+ Kc6 51.
Rh8 Kb5 52. Rh3 Rf2 53. Kb2 Rg2 54. Rc3 Rh2 55. Rc4 Rg2 56. Rc3 Rh2 57. Rc4 Rg2 58.
Rc3 1/2-1/2

[Event "Early-Titled-Tuesday-Blitz-February-06-2024"]
[Site "Chess.com"]
[Date "2024.02.06"]
[Round "9"]
[White "Philippians46"]
[Black "FaustinoOro"]
[Result "1-0"]
[WhiteElo "2628"]
[BlackElo "2759"]
[TimeControl "180+1"]
[EndTime "9:45:13 PST"]
[Termination "Philippians46 won on time"]

1. d4 Nf6 2. c4 e6 3. g3 c5 4. d5 exd5 5. cxd5 d6 6. Bg2 g6 7. Nc3 Bg7 8. Nf3 O-O 9. O-O a6 10. a4 Nbd7 11. Bf4 Qe7 12. h3 Re8 13. Re1 Nh5 14. Bg5 Nhf6 15. e4 h6 16. Bf4 Nh5 17. Bd2 Rb8 18. a5 b5 19. axb6 Rxb6 20. Na4 Rb8 21.
Bc3 Bxc3 22. bxc3 Nb6 23. e5 Ng7 24. Qd2 Nxa4 25. Rxa4 Kh7 26. Rh4 h5 27. Qf4 Nf5 28.
exd6 Qd8 29. Re7 Rxe7 30. dxe7 Rb1+ 31. Kh2 Qxe7 32. Qe4 Qxe4 33. Rxe4 Rc1 34. Re8 Bd7 35. Rd8 Bb5 36. d6 Rd1 37. Ng5+ Kg7 38. Ne4 c4 39. g4 hxg4 40. hxg4 Nh4 41. g5 f5 42.
gxf6+ Kf7 43. Bh3 Bc6 44. d7 Nf3+ 45. Kg3 Ne5 46. Re8 Nxd7 47. Re7+ Kf8 48. Ng5 Rd3+ 49.
Kf4 1-0

[Event "Early-Titled-Tuesday-Blitz-February-06-2024"]
[Site "Chess.com"]
[Date "2024.02.06"]
[Round "9"]
[White "Kapitan_Bayan"]
[Black "Leebit02"]
[Result "0-1"]
[WhiteElo "2383"]
[BlackElo "2557"]
[TimeControl "180+1"]
[EndTime "9:45:13 PST"]
[Termination "Leebit02 won on time"]

1. e4 c5 2. Nf3 Nc6 3. d4 cxd4 4. Nxd4 e6 5. c4 Qb6 6. Nxc6 bxc6 7. Nc3 e5 8. Be3 Qxb2 9. Rc1 Nf6 10. Bd3 Qa3 11. O-O Be7 12. c5 O-O 13. Na4 Rb8 14. Rc3 Qxa2 15.
Bc4 Nxe4 16. Bxa2 Nxc3 17. Nxc3 Ba6 18. Re1 Rb2 19. Qc1 Rfb8 20. Bb1 g6 21. Na4 R2b4 22. Nc3 f5 23. Ba2+ Kg7 24. Bh6+ Kh8 25. Qe3 Bf6 26.
Bg5 Bg7 27. f4 e4 28. Ne2 Rb2 29. Bf7 Rf8 30. Bb3 Bd3 31. Nc1 Rb8 32. Bd1 h6 33. Bh4 Bb1 34. Re2 R2b4 35. Qa3 Bd4+ 36. Bf2 Bb2 37. Qxa7 Bxc1 38. Qxd7 Bd3 39. Bd4+ Rxd4 40. Qxd4+ Kg8 41. Ra2 Bxf4 42. g3 Bc7 0-1

[Event "Early-Titled-Tuesday-Blitz-February-06-2024"]
[Site "Chess.com"]
[Date "2024.02.06"]
[Round "9"]
[White "koncheto"]
[Black "Massakru"]
[Result "1-0"]
[WhiteElo "2518"]
[BlackElo "2335"]
[TimeControl "180+1"]
[EndTime "9:45:13 PST"]
[Termination "koncheto won by resignation"]

1. e4 e5 2. Nf3 Nc6 3. d4 exd4 4. Bc4 Bc5 5. c3 Nf6 6. e5 d5 7.
Bb5 Ne4 8. cxd4 Bb6 9. O-O O-O 10. h3 f6 11. Bxc6 bxc6 12. Bf4 fxe5 13. Bxe5 Qe8 14.
Nc3 Qg6 15. Kh1 Ba6 16. Ne2 Rf7 17. a4 Ba5 18. Bh2 Raf8 19. Ne5 Qh5 20. Nxf7 Bxe2 21. g4 Bxd1 22. gxh5 Bf3+ 23. Kg1 Rxf7 24. Bg3 Bxh5 25. Rac1 Rf6 26. Be5 Rg6+ 27. Kh2 Bd2 28. Rc2 Bf3 29. Rg1 Rxg1 30. Kxg1 Bb4 31. Rxc6 Ba5 32.
Ra6 Bb6 33. a5 Ng5 34. axb6 axb6 35. Ra7 Nxh3+ 36. Kh2 Ng5 37. Rxc7 Ne6 38. Re7 Bg4 39. f3 Bf5 40. Rb7 g5 41. Rxb6 h5 42. b4 g4 43.
fxg4 hxg4 44. Rb8+ Kf7 45. b5 Ng5 46. Kg3 Ne4+ 47.
Kf4 Be6 48. Rb7+ Kg6 49. Rg7+ Kh6 50. b6 Ng5 51. Rxg5 1-0